 Dungeon Crawl Stone Soup version 0.22-a0-803-gd6d8abe (webtiles) character file.

1269 riteheju the Slasher (level 8, -15/63 HPs)
             Began as a Demonspawn Fighter on July 22, 2018.
             Demolished by an orc warrior
             ... wielding a +1 mace of holy wrath
              (16 damage)
             ... on level 6 of the Dungeon.
             The game lasted 00:16:43 (6428 turns).

riteheju the Slasher (Demonspawn Fighter)           Turns: 6428, Time: 00:16:44

Health: -15/63     AC: 18    Str: 18    XL:     8   Next: 28%
Magic:  8/8        EV:  6    Int: 10    God:
Gold:   279        SH:  9    Dex: 13    Spells: 7/7 levels left

rFire    . . .     SeeInvis .   a - +0 long sword
rCold    + . .     Gourm    .   c - +0 shield
rNeg     . . .     Faith    .   E - +0 chain mail
rPois    +         Spirit   .   F - +0 helmet
rElec    .         Reflect  .   p - +0 cloak
rCorr    .         Harm     .   n - +0 pair of gloves
MR       +....                  (no boots)
Stlth    ..........             v - amulet of regeneration
HPRegen  0.60/turn              y - ring of protection from magic
MPRegen  0.11/turn              x - ring of poison resistance

@: sanguine armour
A: hooves 1, cold resistance 1, freezing cloud immunity, sanguine armour 1
a: no special abilities


You were on level 6 of the Dungeon.
You were hungry.

You visited 2 branches of the dungeon, and saw 7 of its levels.

You collected 279 gold pieces.

Inventory:

Hand Weapons
 a - a +0 long sword (weapon)
Missiles
 r - 2 throwing nets (quivered)
Armour
 c - a +0 shield (worn)
 n - a +0 pair of gloves (worn)
 p - a +0 cloak (worn)
 E - a +0 chain mail (worn)
 F - a +0 helmet (worn)
Jewellery
 q - a +4 ring of dexterity
 v - an amulet of regeneration (around neck)
 x - a ring of poison resistance (right hand)
 y - a ring of protection from magic (left hand)
 H - an uncursed ring of resist corrosion {unknown}
Wands
 D - a wand of enslavement (3)
Scrolls
 e - 6 scrolls of identify
 g - a scroll of fog {unknown}
 k - 3 scrolls of remove curse
 l - 2 scrolls of random uselessness {unknown}
 m - 3 scrolls of teleportation
 o - 3 scrolls of amnesia
 u - 3 scrolls of magic mapping {unknown}
 w - a scroll of enchant armour {unknown}
 B - 2 scrolls of noise {unknown}
 C - a scroll of enchant weapon {unknown}
 G - 4 scrolls of fear {unknown}
Potions
 d - 2 potions of might
 h - a potion of magic
 i - 5 potions of curing
 j - a potion of ambrosia
 s - a potion of resistance {unknown}
 t - a potion of heal wounds
 z - a potion of mutation {unknown}
 A - 2 potions of brilliance {unknown}
Comestibles
 f - 9 rations


   Skills:
 * Level 5.4 Fighting
 * Level 6.3 Long Blades
 + Level 3.9 Armour
 + Level 1.6 Dodging
 + Level 4.8 Shields


You had 7 spell levels left.
You didn't know any spells.
Your spell library was empty.

Dungeon Overview and Level Annotations

Branches:
Dungeon (6/15)             Temple (1/1) D:5

Altars:
Cheibriados
Dithmenos
Elyvilon
Fedhas
Gozag
Hepliaklqana
Kikubaaqudgha
Makhleb
Okawaru
Qazlal
Ru
Sif Muna
Trog
Uskayaw
Vehumet
Wu Jian
Xom
Yredelemnul
Zin
The Shining One

Shops:
D:4 }   D:6 [


Innate Abilities, Weirdness & Mutations

You have large cloven feet.
Your flesh is cold resistant. (rC+)
You are immune to freezing clouds.
When seriously injured, your bleeding wounds create armour. (AC +6)


Message History

The orc warrior hits you with a mace of holy wrath.
You convulse.
You slash the orc warrior! You kick the orc warrior.
The orc warrior is severely wounded.
The orc warrior hits you with a mace of holy wrath!
Your blood congeals into armour.
You convulse!
* * * LOW HITPOINT WARNING * * *
You slash the orc warrior!
The orc warrior is almost dead.
You block the orc warrior's attack.
You barely miss the orc warrior.
You kick the orc warrior, but do no damage.
The orc warrior is almost dead.
The orc warrior closely misses you.
You hit the orc warrior but do no damage.
The orc warrior is almost dead.
The orc warrior hits you with a mace of holy wrath!
* * * LOW HITPOINT WARNING * * *
You convulse!
You die...

#<#.. #.#.# ...
#.#.###.# ...
#.......# #.#
###.##### #.# #...#
#.# #.### ##'## #.#
##...#### #.##
##......@# #..##
##.....#8o8#
#...####......#...#
.......'....###8.8#
#...####...##
≈...≈≈ #..## ##.##
≈≈8.8≈≈≈ #.## ###
≈≈#+#≈≈≈≈ #.# ≈.#
#.≈≈ #.####


You could see an orc warrior.

Vanquished Creatures
  An ice beast (D:6)
  A black bear (D:6)
  An ogre (D:4)
  A big kobold (Temple)
  A scorpion (D:6)
  4 hounds
  A crimson imp (D:5)
  A jelly (Temple)
  2 orc priests
  4 orc wizards
  2 iguanas (D:4)
  Ijyb (Temple)
  2 bullfrog skeletons (D:5)
  4 worker ants
  A hound skeleton (D:5)
  Robin (D:3)
  8 gnolls
  9 adders
  An ooze (D:2)
  3 worms (D:5)
  A dart slug (D:3)
  5 leopard geckos
  12 orcs
  7 ball pythons
  2 giant cockroaches
  9 goblins
  8 hobgoblins
  10 jackals
  12 kobolds
  A quokka (D:2)
  5 bats
  8 frilled lizards
  12 rats
141 creatures vanquished.

Notes
Turn   | Place    | Note
-------+----------+-------------------------------------------
     0 | D:1      | riteheju the Demonspawn Fighter began the quest for the Orb.
     0 | D:1      | Reached XP level 1. HP: 18/18 MP: 1/1
   264 | D:1      | Gained mutation: Your flesh is cold resistant. (rC+) [demonic ancestry]
   264 | D:1      | Reached XP level 2. HP: 22/24 MP: 2/2
   390 | D:1      | Reached skill level 2 in Long Blades
  1106 | D:2      | Gained mutation: You have large cloven feet. [demonic ancestry]
  1106 | D:2      | Reached XP level 3. HP: 19/29 MP: 3/3
  1911 | D:2      | Reached XP level 4. HP: 34/37 MP: 4/4
  2781 | D:3      | Noticed Robin
  2798 | D:3      | Killed Robin
  2964 | D:3      | Reached XP level 5. HP: 42/42 MP: 5/5
  3359 | D:3      | Reached skill level 3 in Long Blades
  3604 | D:4      | Reached skill level 1 in Dodging
  3679 | D:4      | Reached XP level 6. HP: 36/48 MP: 6/6
  3929 | D:4      | Reached skill level 4 in Long Blades
  3954 | D:4      | Found Koff's Gadget Boutique.
  4133 | D:4      | Found a glowing silver altar of Zin.
  4133 | D:4      | Found a glowing golden altar of the Shining One.
  4286 | D:4      | Found a sacrificial altar of Ru.
  4475 | D:5      | Entered Level 5 of the Dungeon
  4536 | D:5      | Gained mutation: When seriously injured, your bleeding wounds create armour. (AC +6) [demonic ancestry]
  4536 | D:5      | Reached XP level 7. HP: 55/55 MP: 7/7
  4656 | D:5      | Found a staircase to the Ecumenical Temple.
  4657 | D:5      | Noticed Ijyb
  4668 | Temple   | Entered the Ecumenical Temple
  5202 | Temple   | Reached skill level 5 in Long Blades
  5218 | Temple   | Killed Ijyb
  5239 | Temple   | Reached skill level 5 in Fighting
  5499 | D:5      | Found a burning altar of Makhleb.
  5733 | D:6      | Reached skill level 6 in Long Blades
  5733 | D:6      | Gained mutation: You are immune to freezing clouds. [demonic ancestry]
  5733 | D:6      | Reached XP level 8. HP: 52/62 MP: 8/8
  6110 | D:6      | Found Holaikel's Armour Boutique.
  6428 | D:6      | HP: 1/63 [orc warrior/mace of holy wrath (15)]
  6428 | D:6      | Demolished by an orc warrior

Vault maps used:
D:1:      scummos_arrival_checkerplants
D:2:      minmay_ruptured
D:3:      first_ration, kennysheep_generic_room_8, uniq_robin
D:4:      nicolae_ru_great_annihilating_truth, gammafunk_temple_overflow_statue,
          serial_shops, nicolae_shop_statue_plus
D:5:      overflow_temple_1_default, temple_pool_b, uniq_ijyb
D:6:      kennysheep_orc_sif_temple, serial_shops, shop, gammafunk_ghost_grave,
          water_maze_lemuel
Temple:   nicolae_temple_elliptical

Skill      XL: |  1  2  3  4  5  6  7 |
---------------+----------------------+-----
Shields        | 3 4 |  4.8
Long Blades    | 2 3 4 6 |  6.3
Armour         | 3 |  3.9
Fighting       | 4 5 |  5.4
Dodging        | 1 |  1.6

Action                   |  1- 3 |  4- 6 |  7- 9 || total
-------------------------+-------+-------+-------++-------
Melee: Long sword        |   129 |   189 |   195 ||   513
       Kick              |     8 |    59 |    78 ||   145
  Use: Scroll            |     4 |     7 |       ||    11
  Eat: Chunk             |     1 |     8 |     2 ||    11
       Ration            |     1 |       |     1 ||     2
Armor: Scale mail        |    61 |   106 |    46 ||   213
       Chain mail        |       |       |    69 ||    69
Dodge: Dodged            |    46 |    70 |    61 ||   177
Block: Shield            |    79 |    98 |   123 ||   300
       Rpst.: Long sword |     9 |    23 |    20 ||    52

Table legend:
 A = Spawn XP
 B = Non-spawn XP
 C = Spawn XP percentage of total XP
 D = Spawn monster count
 E = Non-spawn monster count
 F = Spawn count percentage of total count
 G = Total turns spent on level
                    A         B        C        D         E        F      G
               +---------+---------+-------+---------+---------+-------+---------
         Total |       0 |    1813 |   0.0 |       0 |     141 |   0.0 |  6428
               +---------+---------+-------+---------+---------+-------+---------
           D:1 |       0 |      45 |   0.0 |       0 |      22 |   0.0 |  1537
           D:2 |       0 |      90 |   0.0 |       0 |      31 |   0.0 |   899
           D:3 |       0 |     117 |   0.0 |       0 |      27 |   0.0 |  1369
           D:4 |       0 |     477 |   0.0 |       0 |      22 |   0.0 |   955
           D:5 |       0 |     464 |   0.0 |       0 |      26 |   0.0 |   707
           D:6 |       0 |     426 |   0.0 |       0 |       9 |   0.0 |   373
        Temple |       0 |     194 |   0.0 |       0 |       4 |   0.0 |   588
               +---------+---------+-------+---------+---------+-------+---------
